 Dungeon Crawl Stone Soup version 0.28.0-53-g5a82cb258f (webtiles) character file.

Game seed: 1056622034825200306

225 styxcanada the Covert (level 5, 0/26 HPs)
             Began as a Spriggan Brigand on June 24, 2022.
             Killed from afar by Natasha (10 damage)
             ... with a magic dart
             ... on level 3 of the Dungeon.
             The game lasted 00:06:35 (1825 turns).

styxcanada the Covert (Spriggan Brigand)            Turns: 1825, Time: 00:06:36

Health: 0/26       AC:  3    Str:  7    XL:     5   Next: 68%
Magic:  7/8        EV: 21    Int: 12    God:
Gold:   86         SH:  0    Dex: 19    Spells: 4/6 levels left

rFire   . . .      SeeInvis +   a - +2 dagger
rCold   . . .      Faith    .   (no shield)
rNeg    . . .      Spirit   .   b - +0 robe
rPois   .          Reflect  .   (helmet restricted)
rElec   .          Harm     .   c - +0 cloak
rCorr   .          Rampage  .   (gloves unavailable)
Will    .....                   (boots unavailable)
Stlth   ++++......              (no amulet)
HPRegen 0.08/turn               j - +4 ring of evasion
MPRegen 0.11/turn               (no ring)

@: very quick
A: very small, no large weapons, unfitting armour, see invisible, speed 3
a: no special abilities


You were on level 3 of the Dungeon.
You visited 1 branch of the dungeon, and saw 3 of its levels.

You collected 86 gold pieces.

Inventory:

Hand Weapons
 a - a +2 dagger (weapon)
Missiles
 d - 6 poisoned darts (quivered)
 e - 2 curare-tipped darts
 f - 3 boomerangs
 g - 19 stones
Armour
 b - a +0 robe (worn)
 c - a +0 cloak (worn)
Jewellery
 j - a +4 ring of evasion (left hand)
Scrolls
 h - a scroll of immolation {unknown}
 n - a scroll of noise {unknown}
Potions
 i - a potion of mutation
 k - 2 potions of haste
 l - 2 potions of curing
 m - a potion of heal wounds


   Skills:
 * Level 2.1 Fighting
 + Level 2.4 Short Blades
 + Level 2.1 Throwing
 * Level 2.2 Dodging
 * Level 9.0 Stealth
 * Level 1.4 Spellcasting
 * Level 1.4 Hexes
 * Level 0.8 Ice Magic


You had 4 spell levels left.
You knew the following spells:

 Your Spells              Type           Power      Damage    Failure   Level
a - Ensorcelled Hibernat  Hex/Ice        6%         N/A       28%         2

Your spell library contained the following spells:

 Spells                   Type           Power      Damage    Failure   Level
 Slow                     Hex            16%        N/A       16%         1
 Confusing Touch          Hex            4%         N/A       43%         3
 Gell's Gravitas          Tloc           0%         N/A       65%         3
 Lesser Beckoning         Tloc           0%         N/A       65%         3
 Spider Form              Tmut/Pois      0%         N/A       65%         3
 Teleport Other           Tloc           0%         N/A       65%         3
 Vampiric Draining        Necr           0%         2d6       65%         3
 Anguish                  Hex/Necr       1%         N/A       91%         4


Dungeon Overview and Level Annotations

Branches:
Dungeon (3/15)

Altars:

Annotations:
D:3 Natasha


Innate Abilities, Weirdness & Mutations

You are very small and have problems with some larger weapons.
You are too small for most types of armour.
You have supernaturally acute eyesight. (SInv)
You cover ground extremely quickly. (Speed+++)


Message History

Natasha mumbles some strange words.
You feel troubled. Natasha barely misses you.
You hit Natasha.
Natasha is severely wounded.
Natasha hisses.
Natasha casts a spell at you.
You easily resist.
You barely miss Natasha.
Natasha is severely wounded.
Natasha casts a spell at you. The magic dart hits you!
You closely miss Natasha.
Natasha is severely wounded.
Natasha looks more healthy.
Natasha completely misses you.
You hit Natasha.
Natasha is severely wounded.
Natasha claws you.
You barely miss Natasha.
Natasha is severely wounded.
Natasha drinks a potion.
Natasha is healed!
You hit Natasha.
Natasha is lightly wounded.
You closely miss Natasha.
Natasha is lightly wounded.
Natasha claws you.
You closely miss Natasha.
Natasha is lightly wounded.
Natasha misses you.
You hit Natasha.
Natasha is moderately wounded.
Natasha misses you.
You hit Natasha but do no damage.
Natasha is moderately wounded.
Natasha claws you but does no damage.
You hit Natasha.
Natasha is heavily wounded.
Natasha stares at you and mumbles some strange words.
The magic dart hits you!
You die...

##.....#.........#
#...#...#.#####.
#...#####.# #...# #.#
# #...# #.##.##.#
#...#####.......#
.####...##.......####
.......?.........#
......†@.........#
#......h..>(.....#
#####...##.##.#..#
#..(##...#...#
#...###.###...# #...#
## #.## #...# #.#
#..(# ..


You could see Natasha.

Vanquished Creatures
  Sigmund (D:2)
  Jessica (D:3)
  2 adders
  9 ball pythons
  3 endoplasms
  2 giant cockroaches
  3 goblins
  3 hobgoblins (D:2)
  2 kobolds
  4 quokkas
  4 bats
  3 frilled lizards
  4 rats
41 creatures vanquished.

Vanquished Creatures (others)
  A plant (D:3)
1 creature vanquished.

Grand Total: 42 creatures vanquished

Notes
Turn   | Place    | Note
-------+----------+-------------------------------------------
     0 | D:1      | styxcanada the Spriggan Brigand began the quest for the
                  | Orb.
     0 | D:1      | Reached XP level 1. HP: 10/10 MP: 2/2
    13 | D:1      | Reached skill level 6 in Stealth
   230 | D:1      | Reached XP level 2. HP: 14/14 MP: 3/3
   376 | D:1      | Reached skill level 7 in Stealth
   566 | D:1      | Found a faded altar of an unknown god.
   802 | D:2      | Reached XP level 3. HP: 18/18 MP: 4/4
   805 | D:2      | Learned a level 2 spell: Ensorcelled Hibernation
   813 | D:2      | Noticed Sigmund
   819 | D:2      | Killed Sigmund
   820 | D:2      | Reached skill level 8 in Stealth
   820 | D:2      | Reached skill level 1 in Spellcasting
   820 | D:2      | Reached skill level 1 in Hexes
   820 | D:2      | Reached XP level 4. HP: 23/23 MP: 4/6
   820 | D:2      | Reached XP level 5. HP: 26/26 MP: 4/7
  1707 | D:3      | Noticed Jessica
  1711 | D:3      | Killed Jessica
  1712 | D:3      | Reached skill level 9 in Stealth
  1804 | D:3      | Noticed Natasha
  1825 | D:3      | Killed from afar by Natasha

Illustrated notes

Levels and vault maps discovered:
D:1:      erik_arrival_blinker_ship, layout_rooms,
          shapermc_ecumenical_altar_hornbeckon
D:2:      layout_basic, hangedman_decor_slide_cut, uniq_sigmund
D:3:      layout_loops_cross, lemuel_round_altar, ebering_ghost_inner_flame,
          saegor_snake_ambush, uniq_jessica, uniq_natasha

Skill      XL: |  1  2  3  4  5 |
---------------+----------------+-----
Stealth        | 6 7 8 9 |  9.0
Dodging        | 2 |  2.2
Spellcasting   | 1 |  1.4
Hexes          | 1 |  1.4
Fighting       | 2 |  2.1
Short Blades   | |  2.4
Throwing       | |  2.1
Ice Magic      | |  0.8

Action                   |  1- 3 |  4- 6 || total
-------------------------+-------+-------++-------
Melee: Dagger            |    46 |    43 ||    89
Throw: Dart              |     1 |     5 ||     6
 Cast: Ensorcelled Hiber |       |     1 ||     1
  Use: Scroll            |       |     3 ||     3
 Stab: Sleeping          |    11 |     8 ||    19
Armor: Robe              |     4 |     3 ||     7
Dodge: Dodged            |    24 |    33 ||    57
